 Dungeon Crawl Stone Soup version 0.24-a0-201-gf205589 (webtiles) character file.

Game seed: 4615982947039387432

55 Ijustatesigmund the Cudgeler (level 3, -3/26 HPs)
             Began as an Octopode Fighter on Mar 23, 2019.
             Slain by a goblin
             ... wielding a +0 club
             ... led by Robin
              (8 damage)
             ... on level 2 of the Dungeon.
             The game lasted 00:01:47 (929 turns).

Ijustatesigmund the Cudgeler (Octopode Fighter)      Turns: 929, Time: 00:01:48

Health: -3/26      AC:  1    Str: 20    XL:     3   Next: 93%
Magic:  3/3        EV: 12    Int: 10    God:
Gold:   24         SH: 11    Dex: 12    Spells: 2/2 levels left

rFire    + . .     SeeInvis .   a - +0 flail
rCold    . . .     Gourm    .   b - +0 shield
rNeg     . . .     Faith    .   (helmet restricted)
rPois    .         Spirit   .   f - +2 amulet of reflection
rElec    .         Reflect  +   (no ring)
rCorr    .         Harm     .   (no ring)
MR       .....     Clarity  +   (no ring)
Stlth    ++........             (no ring)
HPRegen  0.08/turn              (no ring)
MPRegen  0.08/turn              (no ring)
                                (no ring)
                                (no ring)

@: mighty
A: almost no armour, stealthy swim, amphibious, 8 rings, constrict 8, tentacle
spike 1, camouflage 1, blurry vision 1, clarity, fire resistance 1, gelatinous
body 1
a: no special abilities


You were on level 2 of the Dungeon.
You were not hungry.

You visited 1 branch of the dungeon, and saw 2 of its levels.

You collected 24 gold pieces.

Inventory:

Hand Weapons
 a - a +0 flail (weapon)
Armour
 b - a +0 shield (worn)
Jewellery
 f - a +2 amulet of reflection (around mantle)
Scrolls
 e - a scroll of remove curse {unknown}
 g - a scroll of identify
 h - a scroll of fear {unknown}
 i - a scroll of blinking {unknown}
 m - a scroll of random uselessness {unknown}
Potions
 j - a potion of curing
Comestibles
 d - 4 rations


   Skills:
 + Level 3.2 Fighting
 + Level 3.5 Maces & Flails
 + Level 3.2 Dodging
 + Level 3.2 Shields


You had 2 spell levels left.
You didn't know any spells.
Your spell library was empty.

Dungeon Overview and Level Annotations

Branches:
Dungeon (2/15)

Altars:
Qazlal

Annotations:
D:2 Robin


Innate Abilities, Weirdness & Mutations

You cannot wear most types of armour.
You are very stealthy in the water. (Stealth+)
You are amphibious.
You can wear up to eight rings at the same time.
You can use your tentacles to constrict eight enemies at once.
Your skin changes colour to match your surroundings (Stealth+).
Your rubbery body absorbs attacks. (AC +1, EV +1)
One of your tentacles bears a spike.
Scrolls take you a little longer to read.
You possess an exceptional clarity of mind.
Your flesh is heat resistant. (rF+)


Message History

The goblin hits you but does no damage. You block the goblin's attack.
You closely miss the hobgoblin. Your grab misses the hobgoblin.
The goblin barely misses you. You block the hobgoblin's attack.
The goblin hits you but does no damage. The goblin completely misses you.
The adder barely misses you.
You hit the hobgoblin. Your grab misses the hobgoblin.
You pierce the hobgoblin.
You squeeze the hobgoblin.
You kill the hobgoblin!
You block the goblin's attack. You block the adder's attack.
Robin throws the goblin at you! The goblin barely misses you.
You block the goblin's attack. The goblin closely misses you.
Okay, then.
You feel very mighty all of a sudden. The adder closely misses you.
You block the goblin's attack. Robin throws the goblin at you!
* * * LOW HITPOINT WARNING * * *
The goblin hits you with a +0 dagger.
* * * LOW HITPOINT WARNING * * *
The goblin hits you with a +0 club!
You die...

.....)#........##.###.###
+####.#######.###.....#
.....(†...# #.# #.....#
.####.(.[.# #.# #.....#
..).#.....###.###.....#
#.#.#.........##......#
#.#.####.###..........#
#.#........#..#.gg.##.##
...............g@g.....>
#.#...##.#.#.##g#S#...#.#
..............g.g.....#.#
..#.#.#....#.#)..g....+
..######.######.......#
### §#.#§ #....#+## ..#
§§#.#§§ #....# ###
§§#.#§§ #....# §§§#_#§§§
#'#.##


You could see Robin, an adder and 6 goblins.

Vanquished Creatures
  2 adders (D:2)
  An ooze (D:2)
  A leopard gecko (D:1)
  2 giant cockroaches
  4 goblins
  4 hobgoblins
  4 jackals (D:1)
  3 kobolds
  A bat (D:1)
  2 frilled lizards
  6 rats
30 creatures vanquished.

Vanquished Creatures (others)
  A goblin (D:2)
1 creature vanquished.

Grand Total: 31 creatures vanquished

Notes
Turn   | Place    | Note
-------+----------+-------------------------------------------
     0 | D:1      | Ijustatesigmund the Octopode Fighter began the quest for
                  | the Orb.
     0 | D:1      | Reached XP level 1. HP: 16/16 MP: 1/1
   120 | D:1      | Reached XP level 2. HP: 21/21 MP: 2/2
   789 | D:1      | Gained mutation: One of your tentacles bears a spike.
                  | [potion of mutation]
   789 | D:1      | Gained mutation: Scrolls take you a little longer to read.
                  | [potion of mutation]
   789 | D:1      | Gained mutation: You possess an exceptional clarity of
                  | mind. [potion of mutation]
   789 | D:1      | Gained mutation: Your flesh is heat resistant. (rF+)
                  | [potion of mutation]
   812 | D:2      | Reached XP level 3. HP: 26/26 MP: 3/3
   861 | D:2      | Found a stormy altar of Qazlal.
   919 | D:2      | Noticed Robin
   929 | D:2      | Slain by a goblin

Levels and vault maps discovered:
D:1:      minmay_arrival_four_houses, layout_basic
D:2:      layout_basic, nicolae_qazlal_eye_of_the_storm, uniq_robin,
          uniq_sigmund

Skill      XL: |  1  2 |
---------------+-------+-----
Maces & Flails | 3 |  3.5
Fighting       | |  3.2
Dodging        | |  3.2
Shields        | |  3.2

Action                   || total
-------------------------++-------
Melee: Flail             ||    55
       Constrict         ||    19
       Tentacles         ||     6
       Kick              ||     4
  Use: Scroll            ||     2
       Potion            ||     2
 Stab: Sleeping          ||     6
Armor: Skin              ||     3
Dodge: Dodged            ||    29
Block: Shield            ||    33
       Reflection        ||     1

Table legend:
 A = Non-vault XP
 B = Vault XP
 C = Vault XP percentage of total XP
 D = Non-vault monster count
 E = Vault monster count
 F = Vault count percentage of total count
                 A         B        C        D         E       F
            +---------+---------+-------+---------+---------+-------
      Total |      73 |       6 |   7.6 |      28 |       3 |   9.7
            +---------+---------+-------+---------+---------+-------
        D:1 |      32 |       0 |   0.0 |      19 |       0 |   0.0
        D:2 |      41 |       6 |  12.8 |       9 |       3 |  25.0
            +---------+---------+-------+---------+---------+-------
